 Dungeon Crawl Stone Soup version 0.31-a0-618-g7ca08c1ff9 (webtiles) character file.

Game seed: 17793379165564191182

18 Aj7335 the Trooper (level 2, -4/24 HPs)
             Began as a Demonspawn Berserker on Aug 22, 2023.
             Was a Follower of Trog.
             Killed from afar by Sigmund (8 damage)
             ... with a puff of flame
             ... on level 2 of the Dungeon.
             The game lasted 00:02:03 (1004 turns).

Aj7335 the Trooper (Demonspawn Berserker)           Turns: 1004, Time: 00:02:04

Health: -4/24      AC:  2    Str: 17    XL:     2   Next: 51%
Magic:  2/2        EV: 12    Int:  8    God:    Trog [*.....]
Gold:   50         SH:  0    Dex: 12    Spells: 1/1 levels left

rFire   . . .        a - +0 falchion
rCold   . . .        (no shield)
rNeg    . . .        b - +0 animal skin
rPois   .            (no helmet)
rElec   .            (no cloak)
rCorr   .            (no gloves)
SInv    .            (no boots)
Will    .....        (no amulet)
Stlth   +            (no ring)
HPRegen 0.24/turn    (no ring)
MPRegen 0.08/turn

%: no passive effects
@: on berserk cooldown, slowed, very slow
A: powered by death 1
a: Renounce Religion, Berserk


You were on level 2 of the Dungeon.
You worshipped Trog.
Trog was aware of your devotion.
You visited 1 branch of the dungeon, and saw 2 of its levels.

You collected 50 gold pieces.

Inventory:

Hand Weapons
 a - a +0 falchion (weapon)
 e - a +0 dagger
Armour
 b - a +0 animal skin (worn)
Wands
 g - a wand of roots (7)
Scrolls
 c - a scroll of summoning {unknown}
 i - a scroll of enchant armour {unknown}
Potions
 d - a potion of enlightenment {unknown}
 f - a potion of curing {unknown}
 h - 2 potions of mutation {unknown}


   Skills:
 + Level 3.2 Fighting
 + Level 3.0 Long Blades
 + Level 1.9 Armour
 + Level 2.0 Dodging


You had one spell level left.
You didn't know any spells.
Your spell library was empty.

Dungeon Overview and Level Annotations

Branches:
Dungeon (2/15)

Altars:

Annotations:
D:2 Sigmund


Innate Abilities, Weirdness & Mutations

You regenerate a little health from kills.


Message History

There are monsters nearby!
You hit Sigmund.
Sigmund is moderately wounded.
There are monsters nearby!
A red film seems to cover your vision as you go berserk!
You feel yourself moving faster!
You feel mighty!
Sigmund hits you with a +2 scythe of freezing.
Sigmund freezes you.
Found a sapphire potion.
You feel a strong urge to attack something.
Sigmund points at you and mumbles some strange words.
You are confused.
You bump into the rock wall.
You bump into the rock wall.
You feel your anger nearly subside.
Sigmund hits you with a +2 scythe of freezing!
Sigmund freezes you.
You bump into the rock wall.
You are no longer berserk.
You are exhausted.
You feel yourself slow down.
You miss Sigmund.
Sigmund is moderately wounded.
Sigmund misses you.
You're too confused to move!
You feel less confused.
Sigmund hits you with a +2 scythe of freezing!
Ouch! That really hurt!
* * * LOW HITPOINT WARNING * * *
Sigmund freezes you.
* * * LOW HITPOINT WARNING * * *
You slash Sigmund!
Sigmund is severely wounded.
Sigmund closely misses you.
You hit Sigmund.
Sigmund is almost dead.
Sigmund casts a spell at you. The puff of flame hits you!
You die...
Sigmund begins carving another notch in his scythe.

....#
...#
!..###
.... ...
#g#
###@#
####..@#
#....###
#....#
#....#
##....#
#....##
#.####
##.#
#..#


You could see Sigmund and a hobgoblin.

Vanquished Creatures
  A bat (D:1)
  An endoplasm (D:2)
  A giant cockroach (D:1)
  3 goblins (D:1)
  4 hobgoblins
  3 ball pythons (D:2)
  2 frilled lizards (D:1)
  2 rats (D:1)
17 creatures vanquished.

Notes
Turn   | Place    | Note
-------+----------+-------------------------------------------
     0 | D:1      | Aj7335 the Demonspawn Berserker began the quest for the
                  | Orb.
     0 | D:1      | Reached XP level 1. HP: 18/18 MP: 1/1
    66 | D:1      | Found a faded altar of an unknown god.
   317 | D:1      | Gained mutation: You regenerate a little health from kills.
                  | [demonic ancestry]
   317 | D:1      | Reached XP level 2. HP: 24/24 MP: 2/2
   987 | D:2      | Noticed Sigmund
  1004 | D:2      | Killed from afar by Sigmund

Illustrated notes

Levels and vault maps discovered:
D:1:      co_arrival_random_square_maze, layout_basic, basic_ecumenical_altar
D:2:      layout_basic, chequers_garden, corexii_leaking_fountain, uniq_sigmund

Skill      XL: |  1  2 |
---------------+-------+-----
Long Blades    | 3 |  3.0
Dodging        | 2 |  2.0
Fighting       | |  3.2
Armour         | |  1.9

Action                     || total
---------------------------++-------
  Melee: Falchion          ||    65
         Punch             ||     1
 Invoke: Berserk           ||     2
 Armour: Animal skin       ||    11
  Dodge: Dodged            ||    40

Table legend: (Time is in decaauts)
 A = Elapsed time spent in this place.
 B = Non-inter-level travel time spent in this place.
 C = Inter-level travel time spent in this place.
 D = Time resting spent in this place.
 E = Time spent auto-exploring this place.
 F = Levels seen in this place.
 G = Mean time per level.
                   A        B        C        D        E       F      G
               +--------+--------+--------+--------+--------+-----+--------+
         Total |   1024 |    941 |     83 |    159 |    622 |   2 |  512.0 |
       Dungeon |   1024 |    941 |     83 |    159 |    622 |   2 |  512.0 |
               +--------+--------+--------+--------+--------+-----+--------+

Top non-repeatable levels by time:
     D:1: 820 daAuts
     D:2: 203 daAuts
